 Dungeon Crawl Stone Soup version 0.20-b1-18-gaa2fd62 (webtiles) character file.

4942 Gorglomux the Basher (level 10, 0/68 HPs)
             Began as a Gargoyle Fighter on May 24, 2017.
             Was an Initiate of the Shining One.
             Slain by a two-headed ogre
             ... wielding a +0 giant club
              (15 damage)
             ... on level 8 of the Dungeon.
             The game lasted 00:07:05 (6602 turns).

Gorglomux the Basher (Gargoyle Fighter)             Turns: 6602, Time: 00:07:06

Health: 0/68       AC: 20    Str: 17 (20) XL:     10   Next: 52%
Magic:  10/10      EV:  7    Int:  7 (9)  God:    the Shining One [......]
Gold:   194        SH:  9    Dex: 12      Spells: 9/9 levels left

rFire    . . .     SeeInvis .   a - +0 flail
rCold    . . .     Gourm    .   c - +0 shield
rNeg     + . .     Faith    .   b - +0 scale mail
rPois    ∞         Spirit   .   o - +2 helmet
rElec    +         Reflect  .   w - +2 cloak
rCorr    .         Harm     .   (no gloves)
MR       .....                  (no boots)
Stlth    ..........             u - amulet of regeneration {+regen, !d}
Regen    0.7/turn               (no ring)
MPRegen  0.2/turn               (no ring)

@: glowing
A: negative energy resistance 1, electricity resistance, unbreathing,
petrification resistance, rot immunity, AC +7
a: Renounce Religion


You were on level 8 of the Dungeon.
You worshipped the Shining One.
The Shining One was noncommittal.
You were not hungry.

You visited 2 branches of the dungeon, and saw 9 of its levels.

You collected 419 gold pieces.
You spent 225 gold pieces at shops.

Inventory:

Hand Weapons
 a - a +0 flail (weapon)
 K - a +0 dire flail
   (You took it off an orc warrior on level 6 of the Dungeon)
Armour
 b - a +0 scale mail (worn)
 c - a +0 shield (worn)
 o - a +2 helmet (worn)
   (You took it off Robin on level 3 of the Dungeon)
 p - a +1 helmet
   (You found it on level 2 of the Dungeon)
 q - a +0 buckler of positive energy
   (You found it on level 2 of the Dungeon)
 w - a +2 cloak (worn)
   (You found it on level 4 of the Dungeon)
 T - a +1 pair of gloves
   (You found it on level 8 of the Dungeon)
 V - a +0 pair of gloves
   (You found it on level 8 of the Dungeon)
Magical Staves
 y - an uncursed staff of death {unknown}
   (You found it on level 4 of the Dungeon)
Jewellery
 u - an amulet of regeneration (around neck) {+regen, !d}
   (You found it on level 3 of the Dungeon)
 x - an uncursed amulet of faith {Faith, !P}
   (You found it on level 4 of the Dungeon)
 M - an uncursed amulet of rage {unknown}
   (You found it on level 6 of the Dungeon)
 P - an uncursed ring of flight {unknown}
   (You found it on level 8 of the Dungeon)
Wands
 k - a wand of random effects (0/48)
   (You took it off Ijyb on level 3 of the Dungeon)
 v - a wand of scattershot (2/9)
   (You found it on level 5 of the Dungeon)
 L - a wand of paralysis (14/24)
   (You found it on level 6 of the Dungeon)
 U - a wand of flame (20/48)
   (You found it on level 8 of the Dungeon)
Scrolls
 e - 3 scrolls of amnesia
 i - 4 scrolls of identify
 l - a scroll of immolation {unknown}
 n - 4 scrolls of remove curse {unknown}
 B - a scroll of fog
 C - a scroll of noise {!r}
 D - 2 scrolls of teleportation
 E - 4 scrolls of blinking {!r}
 F - a scroll of fear
 H - a scroll of acquirement {unknown}
 J - 2 scrolls of enchant armour {unknown}
 S - 2 scrolls of enchant weapon {unknown}
Potions
 d - 2 potions of berserk rage {unknown}
 g - a potion of resistance {unknown}
 h - 2 potions of flight {unknown}
 m - a potion of ambrosia {unknown}
 r - 2 potions of degeneration {!q}
 s - 2 potions of cancellation {unknown}
 t - a potion of magic {unknown}
 A - 3 potions of lignification {unknown}
 G - 2 potions of mutation {unknown}
 I - a potion of haste {unknown}
 O - a potion of heal wounds
 Q - 4 potions of agility {unknown}
Books
 z - a book of Changes
   (You found it on level 4 of the Dungeon)
 N - a book of Maledictions
   (You found it on level 6 of the Dungeon)
 R - a book of Necromancy
   (You found it on level 6 of the Dungeon)
Comestibles
 f - 10 bread rations {@e1}
 j - 2 meat rations {@e2}


   Skills:
 + Level 9.9 Fighting
 * Level 12.4 Maces & Flails
 - Level 3.2 Armour
 - Level 3.2 Shields


You had 9 spell levels left.
You didn't know any spells.

Dungeon Overview and Level Annotations

Branches:
Dungeon (8/15)             Temple (1/1) D:6
   Lair: D:8-11

Altars:
Ashenzari
Cheibriados
Dithmenos
Elyvilon
Fedhas
Gozag
Kikubaaqudgha
Makhleb
Nemelex Xobeh
Okawaru
Qazlal
Ru
Trog
Uskayaw
Vehumet
Xom
Yredelemnul
Zin
The Shining One

Shops:
D:5 [[*?}   D:7 %[


Innate Abilities, Weirdness & Mutations

You are resistant to torment.
Your stone body is resilient. (AC +7)
You are immune to poison.
You resist negative energy. (rN+)
You are resistant to electric shocks. (rElec)
You can survive without breathing.
You are immune to petrification.
You are immune to rotting.


Message History

The orc hits you with a war axe. The crimson imp completely misses you.
Things that are here:
a flail; a hand axe; an orc corpse You sock the orc!
You kill the orc!
You closely miss the orc. You block the crimson imp's attack.
The orc closely misses you.
Your shield and scale mail prevent you from hitting the orc.
The crimson imp blinks!
The orc barely misses you.
Your shield prevents you from hitting the orc.
The orc hits you but does no damage.
You hit the orc.
The crimson imp laughs crazily.
You sock the orc!
You kill the orc!
Items here: )) [ † a hand axe; a war axe; a leather armour; an orc corpse The crimson imp blinks!
You swing at nothing.
You swing at nothing.
You swing at nothing.
You swing at nothing.
The crimson imp blinks!
You swing at nothing.
You swing at nothing.
You swing at nothing.
You swing at nothing.
Some of the chunks of flesh in your inventory have rotted away.
You swing at nothing.
You swing at nothing.
You hit the crimson imp.
The crimson imp hits you but does no damage.
You hit the crimson imp. You thump the crimson imp!
You kill the crimson imp!
The Shining One accepts your kill.
You swing at nothing.
You swing at nothing.
You swing at nothing.
You swing at nothing.
You swing at nothing.
You swing at nothing.
You swing at nothing.
You swing at nothing.
You swing at nothing.
You swing at nothing.
You swing at nothing.
You swing at nothing.
You swing at nothing.
You swing at nothing.
You swing at nothing.
You swing at nothing.
Things that are here:
a flail; a hand axe; an orc corpse All of the chunks of flesh in your inventory have rotted away.
Things that are here:
a giant club x2
U - a wand of flame (?/48)
i - 4 scrolls of identify (gained 1)
You open the door. 2 jackals and a hornet come into view.
The jackal barks!
The hornet buzzes angrily.
The jackal moves out of view.
A phantom comes into view.
Unknown command.
There are monsters nearby!
There are monsters nearby!
Unknown command.
There is an open door here.
Unknown command.
You hit the jackal.
The phantom blinks!
A two-headed ogre comes into view. It is wielding two giant clubs.
You thump the jackal!
You kill the jackal!
The jackal bites you but does no damage.
You hit the jackal.
The jackal bites you but does no damage.
You closely miss the jackal. You block the jackal's attack.
The jackal bites you but does no damage.
You hit the jackal.
You kill the jackal!
Unknown command.
You thump the hornet! The hornet barely misses you.
You sock the hornet! The hornet stings you. You block the hornet's attack.
You hit the hornet. The hornet stings you!
You thump the hornet! The hornet stings you!
The phantom blinks!
You closely miss the hornet.
The hornet stings you but does no damage.
The hornet closely misses you.
You hit the hornet.
The hornet stings you but does no damage.
The phantom blinks!
You sock the hornet!
You kill the hornet!
You sock the two-headed ogre!
The two-headed ogre hits you with a giant club!!
The two-headed ogre hits you with a giant club!
* * * LOW HITPOINT WARNING * * *
You sock the two-headed ogre!
The two-headed ogre hits you with a giant club!
You die...

#...# ...#..
.......#######...#....#..
.......#.........#....#..
.......#.........#....#..
.......#.........#....#..
.......#....##...##...#.[
.......#....##...##...#..
.......#....#.........#..
..§....O@...#....))...#..
.......#†...+....))...'..
....W..#....#.........#..
.......#....####.##+###..
.?.....#+#### #.# #....
....... ... #.... .......
.... #.... ....... .....
#.... ..... #....


You could see a two-headed ogre and a phantom.

Vanquished Creatures
  A two-headed ogre (D:8)
  The ghost of ihor1010 the Carver, a novice BaFi of Ru (D:7)
  A hornet (D:8)
  2 hippogriffs (D:7)
  A spriggan (D:7)
  Sigmund (D:2)
  The ghost of Gorglomux the Skirmisher, an amateur GrFi (D:3)
  A water moccasin (D:7)
  3 orc warriors
  3 ice beasts
  A phantom (D:6)
  5 ogres
  3 centaurs (D:6)
  3 bullfrogs
  An electric eel (D:7)
  A centaur zombie (D:6)
  5 crimson imps
  A jelly (D:6)
  3 orc wizards
  5 orc priests
  4 hounds
  Crazy Yiuf (D:5)
  Ijyb (D:3)
  Natasha (thrice) (D:3)
  2 iguanas
  4 worker ants
  A worker ant zombie (D:6)
  Robin (D:3)
  3 gnolls (D:7)
  4 adders
  A shadow imp (D:7)
  4 oozes
  An adder skeleton (D:6)
  3 worms
  2 leopard geckos
  32 orcs
  8 giant cockroaches
  8 hobgoblins
  8 jackals
  9 kobolds
  3 quokkas
  A ball python (D:5)
  A ball python skeleton (D:5)
  7 bats
  6 frilled lizards
  17 goblins
  A leopard gecko skeleton (D:5)
  5 rats
184 creatures vanquished.

Notes
Turn   | Place    | Note
-------+----------+-------------------------------------------
     0 | D:1      | Gorglomux the Gargoyle Fighter began the quest for the Orb.
     0 | D:1      | Reached XP level 1. HP: 14/14 MP: 1/1
   139 | D:1      | Reached XP level 2. HP: 16/19 MP: 2/2
   464 | D:1      | Reached skill level 3 in Maces & Flails
   491 | D:1      | Reached XP level 3. HP: 19/23 MP: 3/3
   841 | D:2      | Found a faded altar of an unknown god.
   863 | D:2      | Found a burning altar of Makhleb.
   896 | D:2      | Found an opulent altar of Gozag.
   896 | D:2      | Noticed Sigmund
   942 | D:2      | HP: 5/24 [something (2)]
   943 | D:2      | Killed Sigmund
   943 | D:2      | Reached skill level 4 in Fighting
   943 | D:2      | Reached skill level 4 in Maces & Flails
   943 | D:2      | Reached XP level 4. HP: 7/30 MP: 4/4
   943 | D:2      | Reached XP level 5. HP: 8/34 MP: 5/5
  1311 | D:2      | Reached skill level 5 in Maces & Flails
  1330 | D:2      | Reached XP level 6. HP: 39/40 MP: 6/6
  1346 | D:2      | Found a hide-covered altar of Uskayaw.
  1537 | D:3      | Noticed Natasha
  1545 | D:3      | Killed Natasha
  1576 | D:3      | Noticed Robin
  1598 | D:3      | HP: 10/40 [hobgoblin[Robin] (2)]
  1821 | D:3      | Killed Robin
  2068 | D:3      | Noticed Natasha
  2104 | D:3      | Killed Natasha
  2104 | D:3      | Reached skill level 5 in Fighting
  2132 | D:3      | Noticed Gorglomux's ghost (amateur GrFi)
  2340 | D:3      | Noticed Natasha
  2344 | D:3      | Killed Natasha
  2389 | D:3      | Noticed Ijyb
  2404 | D:3      | Killed Ijyb
  2676 | D:3      | Killed Gorglomux's ghost
  2676 | D:3      | Reached skill level 6 in Maces & Flails
  2676 | D:3      | Reached XP level 7. HP: 36/44 MP: 7/7
  2774 | D:4      | Found a white marble altar of Elyvilon.
  2901 | D:4      | Reached skill level 6 in Fighting
  2901 | D:4      | Reached skill level 7 in Maces & Flails
  3202 | D:4      | Found a basalt altar of Yredelemnul.
  3297 | D:4      | Found a snail-covered altar of Cheibriados.
  3297 | D:4      | Found an opulent altar of Gozag.
  3298 | D:4      | Found a blossoming altar of Fedhas.
  3355 | D:4      | Reached XP level 8. HP: 52/52 MP: 8/8
  3492 | D:4      | Found a sacrificial altar of Ru.
  3527 | D:5      | Entered Level 5 of the Dungeon
  3578 | D:5      | Found a runed door.
  3737 | D:5      | Found Quhes's Magic Scroll Shop.
  3742 | D:5      | Reached skill level 8 in Maces & Flails
  3749 | D:5      | Bought a scroll of fog for 20 gold pieces
  3749 | D:5      | Bought a scroll of noise for 10 gold pieces
  3749 | D:5      | Bought a scroll of amnesia for 35 gold pieces
  3749 | D:5      | Bought a scroll of teleportation for 30 gold pieces
  3749 | D:5      | Bought a scroll of identify for 20 gold pieces
  3749 | D:5      | Bought a scroll of blinking for 75 gold pieces
  3749 | D:5      | Bought a scroll of fear for 35 gold pieces
  3761 | D:5      | Found Lymiarph's Antique Armour Shop.
  3783 | D:5      | Found Zaunyzub's Antique Armour Shop.
  3934 | D:5      | Found Sody's Gadget Boutique.
  3983 | D:5      | Reached skill level 7 in Fighting
  4258 | D:5      | Found Reuxuxoh's General Store.
  4429 | D:5      | Noticed Crazy Yiuf
  4433 | D:5      | Killed Crazy Yiuf
  4532 | D:6      | Found a staircase to the Ecumenical Temple.
  4576 | D:6      | Reached skill level 9 in Maces & Flails
  4711 | D:6      | Reached XP level 9. HP: 29/57 MP: 9/9
  5069 | D:6      | Reached skill level 8 in Fighting
  5069 | D:6      | Reached skill level 10 in Maces & Flails
  5136 | D:7      | Found Otta's Antique Armour Shoppe.
  5136 | D:7      | Noticed ihor1010's ghost (novice BaFi)
  5342 | D:7      | HP: 13/59 [ihor1010's ghost (2)]
  5349 | D:7      | HP: 8/59 [ihor1010's ghost (1)]
  5351 | D:7      | Killed ihor1010's ghost
  5351 | D:7      | Reached skill level 11 in Maces & Flails
  5585 | D:7      | Found a radiant altar of Vehumet.
  5623 | D:7      | Reached skill level 9 in Fighting
  5665 | D:7      | Found Mustira's Food Boutique.
  5744 | D:7      | Reached XP level 10. HP: 65/66 MP: 10/10
  5756 | D:7      | Found a bloodstained altar of Trog.
  5957 | Temple   | Entered the Ecumenical Temple
  6048 | Temple   | Became a worshipper of the Shining One
  6485 | D:8      | Noticed a two-headed ogre
  6497 | D:8      | Killed a two-headed ogre
  6497 | D:8      | Reached skill level 12 in Maces & Flails
  6590 | D:8      | Noticed a two-headed ogre
  6601 | D:8      | HP: 14/68 [two-headed ogre/giant club (10)]
  6602 | D:8      | Slain by a two-headed ogre

Skill      XL: |  1  2  3  4  5  6  7  8  9 10 |
---------------+-------------------------------+-----
Maces & Flails | 3 4 5 6 7 9 11 12 | 12.4
Fighting       | 4 5 6 7 9 |  9.9
Armour         | |  3.2
Shields        | |  3.2

Action                   |  1- 3 |  4- 6 |  7- 9 | 10-12 || total
-------------------------+-------+-------+-------+-------++-------
Melee: Flail             |   153 |   202 |   408 |   167 ||   930
Evoke: Wand              |       |       |     5 |       ||     5
  Use: Potion            |     3 |     1 |       |     1 ||     5
       Scroll            |       |       |     1 |       ||     1
  Eat: Chunk             |       |     6 |     6 |     1 ||    13
       Royal jelly       |       |       |     1 |       ||     1
       Meat ration       |       |       |     1 |       ||     1
Armor: Scale mail        |    94 |   182 |   210 |   161 ||   647
Dodge: Dodged            |    42 |    87 |   107 |    87 ||   323
Block: Shield            |    69 |   145 |   189 |   111 ||   514

Vault maps used:
D:1:      shiori_arrival_maze
D:2:      lemuel_round_altar, lemuel_round_altar,
          chequers_ecumenical_altar_twisty, hangedman_feature_mirror,
          st_stairs_11, grunt_gozag_statues, uniq_sigmund
D:3:      wad_crossroads, uniq_ijyb, uniq_natasha, uniq_robin
D:4:      lemuel_crystal_altar, lemuel_coloured_pillars_altar,
          gammafunk_temple_overflow_claw, marbit_many_paths
D:5:      first_bread, serial_shops, nicolae_shop_behind_doors,
          nicolae_shop_temple_entry_statues_fountains, shop, shop, shop,
          uniq_crazy_yiuf_cottage
D:6:      minmay_temple_entry_from_below_a
D:7:      overflow_temple_1_default, kennysheep_mini, serial_shops,
          nicolae_shop_waterfront, nicolae_shop_waterfront, the_bakery
D:8:      uniq_erica
Temple:   dpeg_three_leaves_temple

Table legend:
 A = Turns spent in this place as a percentage of turns spent in the entire game.
 B = Non-inter-level travel turns spent in this place as a percentage of non-inter-level travel turns spent in the entire game.
 C = Inter-level travel turns spent in this place as a percentage of turns spent in this place.
 D = Turns resting spent in this place as a percentage of non-inter-level travel turns spent in this place.
 E = Turns spent auto-exploring this place as a percentage of non-inter-level travel turns spent in this place.
 F = Non-inter-level travel turns spent in this place divided by the number of levels of this place that you've seen.
                   A       B       C       D       E      F
               +-------+-------+-------+-------+-------+----------------------
         Total | 100.0 | 100.0 |   0.5 |   0.6 |   7.5 | 403.8
       Dungeon |  99.3 |  99.4 |   0.5 |   0.6 |   7.3 | 451.4
        Temple |   0.7 |   0.6 |   8.0 |   0.0 |  39.1 |  23.0
               +-------+-------+-------+-------+-------+----------------------

Table legend:
 A = Kills in this place as a percentage of kills in entire the game.
 B = Kills by you in this place as a percentage of kills by you in the entire game.
 C = Kills by friends in this place as a percentage of kills by friends in the entire game.
 D = Other kills in this place as a percentage of other kills in the entire game.
 E = Experience gained in this place as a percentage of experience gained in the entire game.
 F = Experience gained in this place divided by the number of levels of this place that you have seen.
                   A       B       C       D       E      F
               +-------+-------+-------+-------+-------+----------------------
         Total | 100.0 | 100.0 |  -nan |  -nan | 100.0 | 784.6
       Dungeon | 100.0 | 100.0 |  -nan |  -nan | 100.0 | 882.6
               +-------+-------+-------+-------+-------+----------------------
